 Dungeon Crawl Stone Soup version 0.17.2 (webtiles) character file.

650344 Shtopit the Skullcrusher (level 27, -14/192 HPs)
             Began as a Gargoyle Berserker on May 10, 2016.
             Was the Champion of Trog.
             Demolished by a juggernaut simulacrum (50 damage)
             ... on level 3 of the Depths.
             The game lasted 07:05:33 (69722 turns).

Shtopit the Skullcrusher (Gargoyle Berserker)      Turns: 69722, Time: 07:05:33

Health: -14/192    AC: 55    Str: 34    XL:     27
Magic:  45/45      EV: 22    Int: 12    God:    Trog [******]
Gold:   3365       SH:  0    Dex: 20    Spells: 0 memorised, 26 levels left

rFire  + + +     SeeInvis +     J - +9 great mace "Fachadim" {drain, Dex+4}
rCold  . . .     Clarity  .     K - +6 chain mail of Limited Liability {Slay+4}
rNeg   + + +     SustAt   .     (shield currently unavailable)
rPois  ∞         Gourm    .     S - +1 hat of Experimentation {Regen+ Dex+3}
rElec  +         Spirit   .     i - +0 cloak of Vexation {+Blink}
rCorr  .         Warding  .     s - -2 pair of gloves of the Six Curses {rF+ rN+ Int+4}
rMut   +         Stasis   .     l - +2 pair of boots
MR     ++++.                    E - amulet of resist mutation
Stlth  ..........               D - ring of the Two Names {MP+9 AC+5 Str+2 Int+2 SInv}
                                u - ring of the Ant {rF+++ rN+ Int-4 Dex+4}

@: exhausted, regenerating, slowed, very slow, incredibly resistant to hostile
enchantments, extremely unstealthy
A: big wings, yellow scales 1, negative energy resistance 1, regeneration 1,
electricity resistance, spit poison 1, unbreathing, petrification resistance,
rot immunity, AC +20
a: Spit Poison, Fly, Berserk, Trog's Hand, Brothers in Arms, Burn Spellbooks,
Renounce Religion, Evoke Blink
}: 4/15 runes: decaying, serpentine, silver, golden


You were on level 3 of the Depths.
You worshipped Trog.
Trog was exalted by your worship.
You were not hungry.

You visited 10 branches of the dungeon, and saw 52 of its levels.
You visited the Abyss 1 time.
You visited 1 ziggurat, and saw 10 of its levels.
You also visited: Trove, Ossuary, Bailey and Ice Cave.

You collected 9168 gold pieces.
You spent 1772 gold pieces at shops.

Inventory:

Hand Weapons
 C - a +9 great mace of holy wrath
 J - the +9 great mace "Fachadim" (weapon) {drain, Dex+4}
   (Trog gifted it to you on level 4 of the Snake Pit)

   A truly terrible weapon, it drains the life of those it strikes.
   It affects your dexterity (+4).
 M - a +6 antimagic great mace
 W - a +9 triple crossbow of flaming
Missiles
 X - 1020 bolts
Armour
 i - the +0 cloak of Vexation (worn) {+Blink}
   (You found it on level 3 of the Tomb of the Ancients)

   It lets you blink.
 l - a +2 pair of boots (worn)
 s - the -2 pair of gloves of the Six Curses (worn) {rF+ rN+ Int+4}
   (You found it in a treasure trove)

   It affects your intelligence (+4).
   It protects you from fire.
   It protects you from negative energy.
 K - the +6 chain mail of Limited Liability (worn) {Slay+4}
   (You found it on level 7 of the Dungeon)

   It affects your accuracy and damage with ranged weapons and melee attacks
   (+4).
 N - the +2 helmet "Syos" {rC++}
   (You found it on level 9 of a ziggurat)

   It greatly protects you from cold.
 S - the +1 hat of Experimentation (worn) {Regen+ Dex+3}
   (You found it in a treasure trove)

   It affects your dexterity (+3).
   It increases your rate of regeneration.
Rods
 x - a +9 rod of ignition (15/15)
   (You bought it in a shop on level 4 of the Orcish Mines)
Jewellery
 a - the ring of Laruutin {+/*Tele rElec rPois rF+ rN+}
   (You took it off a salamander stormcaller on level 5 of the Vaults)

   [ring of teleportation]

   It may teleport you next to monsters, and can be evoked to randomly teleport.
   It protects you from fire.
   It insulates you from electricity.
   It protects you from poison.
   It protects you from negative energy.
 b - an uncursed amulet of the gourmand
 k - the amulet of Sidigayla {Clar rF+ rC+ MR+++}
   (You found it on level 9 of a ziggurat)

   [amulet of clarity]

   It provides mental clarity.
   It protects you from fire.
   It protects you from cold.
   It affects your resistance to hostile enchantments.
 u - the ring of the Ant (left hand) {rF+++ rN+ Int-4 Dex+4}
   (You found it on level 3 of the Crypt)

   [ring of positive energy]

   It affects your intelligence (-4).
   It affects your dexterity (+4).
   It renders you almost immune to fire.
   It protects you from negative energy.
 z - the ring of Reegiv {rElec rC+ Dex+4}
   (You found it on level 3 of the Tomb of the Ancients)

   [ring of dexterity]

   It affects your dexterity (+4).
   It protects you from cold.
   It insulates you from electricity.
 D - the ring of the Two Names (right hand) {MP+9 AC+5 Str+2 Int+2 SInv}
   (You found it on level 8 of the Lair of Beasts)

   [ring of protection]

   It affects your AC (+5).
   It affects your strength (+2).
   It affects your intelligence (+2).
   It affects your magic capacity (+9).
   It lets you see invisible.
 E - an amulet of resist mutation (around neck)
 F - an uncursed ring of sustain attributes
 U - an uncursed amulet of regeneration
 Z - an uncursed amulet of resist corrosion
Wands
 P - a wand of heal wounds (9)
 Y - a wand of teleportation (5)
Scrolls
 h - 7 scrolls of fear
 j - 25 scrolls of teleportation
 o - 24 scrolls of remove curse
 w - a scroll of silence
 H - 12 scrolls of fog
 I - 2 scrolls of blinking
 V - 5 scrolls of enchant armour
Potions
 d - 5 potions of magic
 f - 16 potions of brilliance
 g - 6 potions of agility
 n - 17 potions of curing
 p - 4 potions of haste
 t - 6 potions of might
 A - 3 potions of cure mutation
 O - a potion of cancellation
 Q - 3 potions of invisibility
 R - 2 potions of heal wounds
Miscellaneous
 e - a legendary deck of war {Water}
 m - a fan of gales
 q - a stone of tremors
 v - a disc of storms
 y - a box of beasts
 B - a legendary deck of defence {drawn: 1}
 G - a lamp of fire
 L - a legendary deck of defence {drawn: 1}
 T - a legendary deck of changes {the Shadow}
Comestibles
 c - 21 bread rations
 r - 3 royal jellies


   Skills:
 + Level 24.8 Fighting
 O Level 27 Maces & Flails
 + Level 6.6 Crossbows
 + Level 19.3 Armour
 + Level 14.8 Dodging
 * Level 18.3 Evocations


You had 26 spell levels left.
You didn't know any spells.

Dungeon Overview and Level Annotations

Branches:
Dungeon (15/15)            Temple (0/1) D:6            Lair (8/8) D:10
  Swamp (4/4) Lair:3        Snake (4/4) Lair:5        Slime (0/6) Lair:8
    Orc (4/4) D:11            Elf (3/3) Orc:4        Vaults (5/5) D:14
  Crypt (3/3) Vaults:3       Tomb (3/3) Crypt:3      Depths (3/5) D:15

Altars:
Cheibriados
Dithmenos
Kikubaaqudgha
Nemelex Xobeh
Okawaru
Trog
Vehumet
Xom
Yredelemnul
Zin
Beogh
Jiyva

Shops:
D:5 *   D:8 !   Orc:1 :   Orc:4 }?%?(   Snake:1 *[*:   Depths:1 *

Portals:
Hell: Depths:1 Depths:2 Depths:3

Annotations:
Lair:8 1 runed door


Innate Abilities, Weirdness & Mutations

You are resistant to torment.
Your stone body is resilient (AC +20).
You are immune to poison.
Your large and strong wings let you fly indefinitely.
You resist negative energy.
You are resistant to electric shocks.
You can survive without breathing.
You are immune to petrification.
You are immune to rotting.
You are partially covered in yellow scales (AC +2).
Your natural rate of healing is unusually fast.
You can spit weak poison.


Message History

You drain the stone giant!
The stone giant is severely wounded.
Your deep troll bites the tengu conjurer!!
The tengu conjurer dies!
Trog accepts your kill.
Trog appreciates your killing of a magic user.
The stone giant hits you but does no damage.
The battlesphere dissipates.
The deep troll completely misses you.
The deep troll claws you but does no damage. x2
The spriggan berserker invokes Trog's protection!
You pound the deep troll like an anvil!!!
You kill the deep troll!
Trog accepts your kill.
Your deep troll bites the juggernaut simulacrum but does no damage.
Your deep troll claws the juggernaut simulacrum but does no damage.
Your deep troll barely misses the juggernaut simulacrum.
The juggernaut simulacrum hits you!!!
* * * LOW HITPOINT WARNING * * *
The juggernaut simulacrum freezes you!!!
You die...

).)§........##
.)§.)......##Q........8.
≈≈≈4)....###%...........
.....4z''###[...........
....##''...##.....8.....
'#####.z....##..QQ.Q....
..## #.......##§QcQT....
..8# ##.......#Z)CDQWi..
####### ..## ##.......T@#
##..∩.[## ..8#
##.....§[(### ##.§[.[§.#
z.##
##.(.......#####...._....
..8#
##⌠[.........##..8...8..
..##
##".(.......'[)........
..8#
###.......''.[.8...8..
..## ##......')[.........
'#####
####...#....8...8..
.....# #####...........


You could see an iron dragon, a stone giant, 6 tengu warriors, a deep troll, a
spriggan berserker, a yaktaur, a wraith, a tengu conjurer, a juggernaut
simulacrum and a friendly deep troll (berserk).

Vanquished Creatures
  Khufu (Tomb:1)
  Mara (Swamp:3)
  2 ancient liches
  33 greater mummies
  Sojobo (Vaults:4)
  the Lernaean hydra (Swamp:4)
  Saint Roka (Vaults:4)
  Vashnia (Snake:4)
  3 golden dragons
  The ghost of nublet the Slayer, an adept DsFi of Ashenzari (Vaults:4)
  Jory (Vaults:4)
  10 liches
  A hellephant (Zig:2)
  A tentacled monstrosity (Vaults:5)
  4 titans
  2 deep elf blademasters (Elf:3)
  2 deep elf master archers (Elf:3)
  4 quicksilver dragons
  4 tentacled starspawn (Abyss:1)
  3 ancient champions
  2 octopode crushers
  A draconian monk (Zig:4)
  Frances (Swamp:1)
  Kirke (Swamp:4)
  8 tengu reavers
  11 sphinxes
  5 thorn hunters
  3 storm dragons
  2 azure jellies (Zig:9)
  5 shadow dragons
  5 greater nagas
  3 revenants (Crypt:2)
  Wiglaf (Vaults:4)
  5 fire giants
  A daeva (Abyss:1)
  A balrug (Depths:3)
  Maud (D:15)
  9 frost giants
  9 deep elf sorcerers
  17 vault wardens
  Aizul (Vaults:1)
  A draconian shifter (Zig:6)
  4 curse skulls
  A ghost moth (Abyss:1)
  A draconian zealot (Zig:6)
  2 vampire knights
  2 ghouls (Crypt:1)
  18 ironheart preservers
  3 very ugly things
  A draconian annihilator (Zig:6)
  5 reapers
  6 deep elf demonologists
  2 war gargoyles
  4 bennus
  11 stone giants
  2 mottled draconians
  A draconian caller (Zig:4)
  8 deep elf annihilators
  3 green draconians
  An apis (Elf:3)
  Azrael (D:15)
  3 salamander stormcallers
  A red draconian (Zig:4)
  A lorocyproca (Abyss:1)
  2 merfolk javelineers (Depths:2)
  A death ooze (Zig:9)
  9 jiangshi
  11 eidola
  12 deep elf death magi
  29 vault guards
  8 ettins
  A merfolk impaler (Depths:2)
  A quicksilver dragon zombie (Crypt:1)
  4 fire dragons
  30 mummy priests
  Josephine (D:13)
  21 yaktaur captains
  7 deep elf high priests
  4 rakshasas
  Fannar (D:12)
  An entropy weaver (Depths:1)
  7 great orbs of eyes
  4 ice dragons
  22 hydras
  26 naga warriors
  2 quicksilver dragon skeletons
  Erica (Depths:2)
  10 centaur warriors
  A catoblepas (Lair:7)
  10 alligators
  6 deep troll earth magi
  3 death knights
  16 ogre magi
  6 death yaks
  7 anacondas
  5 orc high priests (Orc:4)
  6 deep troll shamans
  4 spriggan berserkers (Depths:3)
  13 dancing weapons
  18 naga sharpshooters
  2 titan zombies
  A satyr (shapeshifter) (Vaults:5)
  3 tengu warriors (Depths:3)
  7 shadow wraiths
  8 shock serpents
  The ghost of PeterLawrence the Fighter, a novice MiFi of Okawaru (Bailey)
  8 hell knights
  Sonja (Lair:3)
  26 deep elf knights
  Nergalle (Depths:2)
  4 sun demons
  2 vampire magi
  The ghost of Shtopit the Blocker, a novice GrBe of Trog (D:10)
  2 storm dragon zombies (Crypt:3)
  2 soul eaters (Crypt:3)
  5 wretched stars (Abyss:1)
  2 salamander mystics (Snake:2)
  A death drake (Abyss:1)
  22 death scarabs
  18 skeletal warriors
  A titan skeleton (Crypt:3)
  2 ice devils (IceCv)
  4 iron trolls
  16 deep trolls
  A deep troll (shapeshifter) (Vaults:5)
  16 anubis guards
  A golden dragon zombie (Crypt:3)
  2 spatial maelstroms (Abyss:1)
  11 swamp dragons
  12 deep elf summoners
  2 flayed ghosts (Crypt:2)
  6 shambling mangroves
  2 giant orange brains
  3 wolf spider zombies
  3 unseen horrors
  14 orc knights
  6 oklob plants
  9 phantasmal warriors
  A golden dragon skeleton (Tomb:1)
  A moth of wrath (shapeshifter) (Vaults:3)
  2 orb spiders
  10 hill giants
  7 naga ritualists
  11 deep elf conjurers
  3 anaconda skeletons
  A harpy (shapeshifter) (Depths:2)
  A shining eye (Zig:9)
  2 shadow dragon zombies
  3 shadow dragon skeletons
  15 necromancers
  14 mana vipers
  8 harpies
  30 ugly things
  11 hornets
  A faun (shapeshifter) (Depths:2)
  18 ironbrand convokers
  2 frost giant zombies
  12 salamanders
  9 wolf spiders
  2 cyclopes
  11 griffons
  An iron dragon skeleton (Tomb:2)
  A sixfirhy (Abyss:1)
  2 manticores
  37 black mambas
  2 hornets (shapeshifter)
  A stone giant skeleton (Crypt:1)
  9 elephants
  A salamander (shapeshifter) (Vaults:4)
  12 vault sentinels
  2 fire giant skeletons
  3 frost giant skeletons (Crypt:3)
  5 guardian serpents
  An octopode (shapeshifter) (Vaults:5)
  2 apocalypse crabs (Abyss:1)
  An orange demon (Abyss:1)
  6 smoke demons (Abyss:1)
  3 ice statues (IceCv)
  A shock serpent zombie (Crypt:3)
  6 torpor snails (Lair:7)
  17 spiny frogs
  25 naga magi
  An eye of devastation (Zig:9)
  3 centaur skeletons
  An emperor scorpion zombie (Crypt:3)
  A spriggan skeleton (Zig:10)
  A yellow draconian zombie (Crypt:1)
  8 rust devils
  3 gargoyles (Depths:2)
  A yaktaur (shapeshifter) (Depths:1)
  An efreet (D:15)
  A redback zombie (D:15)
  A catoblepas zombie (Crypt:3)
  35 yaktaurs
  8 demonic crawlers
  5 komodo dragons
  7 red devils
  5 blue devils (IceCv)
  17 hellwings
  49 guardian mummies
  2 ancient zymes (Abyss:1)
  15 deep elf priests
  13 freezing wraiths
  18 large abominations
  3 trolls
  5 giant leeches
  2 tengu conjurers (D:14)
  A polar bear (shapeshifter) (Vaults:3)
  A queen bee (shapeshifter) (Vaults:1)
  A harpy zombie (Abyss:1)
  6 polar bears
  3 fire drakes
  A jumping spider (Zig:7)
  Grinder (D:3)
  9 boulder beetles
  28 ushabtiu
  A stone giant simulacrum (Abyss:1)
  24 two-headed ogres
  A blink frog (shapeshifter) (Vaults:3)
  3 fire dragon zombies
  30 raiju (Abyss:1)
  29 slime creatures
  2 vampires
  9 ynoxinuls (Abyss:1)
  15 starcursed masses (Abyss:1)
  32 flying skulls
  17 blink frogs
  2 fire dragon skeletons
  8 water elementals
  7 spriggans
  A tarantella (Zig:7)
  An alligator skeleton (Tomb:1)
  A black mamba skeleton (Crypt:3)
  A chaos spawn (Abyss:1)
  An ice dragon skeleton (Abyss:1)
  A tarantella (shapeshifter) (Vaults:5)
  21 wraiths
  14 hippogriffs
  A basilisk (shapeshifter) (Vaults:3)
  61 yaks
  5 fire elementals
  5 hogs (Swamp:4)
  2 trapdoor spiders
  3 shadows
  22 vampire mosquitoes
  Eustachio (D:6)
  3 redbacks
  24 deep elf magi
  9 wolves
  4 neqoxecs (Abyss:1)
  2 wyverns (Elf:3)
  A golden eye (shapeshifter) (Vaults:1)
  5 basilisks
  A hungry ghost (D:14)
  41 deep elf fighters
  Menkaure (D:6)
  A faun zombie (Crypt:1)
  2 steam dragons
  5 wargs
  9 insubstantial wisps
  A torturous demonspawn zombie (Crypt:1)
  6 hell hounds
  3 mottled dragons
  49 nagas
  17 swamp worms
  23 porcupines
  A porcupine (shapeshifter) (Vaults:5)
  A soldier ant (D:13)
  16 water moccasins
  A water nymph skeleton (Crypt:2)
  A monstrous demonspawn skeleton (Crypt:2)
  18 swamp drakes
  60 orc warriors
  A necrophage (Crypt:1)
  2 spiny frog skeletons (Crypt:1)
  A snapping turtle zombie (Tomb:1)
  55 ogres
  27 wasps
  4 boggarts (Vaults:1)
  A snapping turtle skeleton (Tomb:2)
  A sky beast (D:11)
  7 ice beasts
  12 centaurs
  4 big kobolds
  2 brain worms
  24 crocodiles
  Blork the orc (D:6)
  2 elf zombies (Elf:1)
  20 giant frogs
  A dryad skeleton (Crypt:2)
  A salamander skeleton (Crypt:2)
  2 earth elementals (Depths:2)
  3 elf skeletons (D:4)
  A glowing shapeshifter simulacrum (Vaults:1)
  5 scorpions
  A wyvern zombie (Ossuary)
  7 wyvern skeletons
  A spriggan zombie (Crypt:1)
  A troll zombie (Crypt:2)
  A polar bear zombie (Crypt:1)
  9 wights
  2 electric eels (D:10)
  A raiju skeleton (Crypt:2)
  3 draconian simulacra (IceCv)
  21 bog bodies
  7 centaur zombies
  A wasp zombie (D:9)
  2 human simulacra (Vaults:1)
  11 crimson imps
  6 hounds
  3 quasits (Abyss:1)
  2 giant frog zombies (Ossuary)
  8 jellies
  28 orc priests
  19 small abominations (Abyss:1)
  20 orc wizards
  3 human skeletons
  2 human zombies
  A giant frog skeleton (D:4)
  5 iron imps (Abyss:1)
  11 worker ants
  10 iguanas
  A killer bee zombie (Ossuary)
  2 troll simulacra (IceCv)
  25 sheep
  A spriggan simulacrum (IceCv)
  3 centaur simulacra
  3 hound zombies
  68 mummies
  2 worker ant zombies
  13 adders
  A steam dragon zombie (Crypt:2)
  2 naga simulacra (IceCv)
  47 river rats
  18 white imps
  6 shadow imps
  A worker ant simulacrum (D:10)
  2 ufetubi (D:10)
  2 oozes
  An adder skeleton (D:9)
  4 adder zombies
  8 worms
  154 orcs
  A ball python (D:5)
  11 bats
  10 hobgoblins
  9 jackals
  6 quokkas
  6 giant cockroaches
  A giant cockroach zombie (Ossuary)
  6 giant geckos
  5 giant gecko zombies (Ossuary)
  4 giant newts
  10 goblins
  A jackal skeleton (D:9)
  A jackal zombie (Ossuary)
  18 kobolds
  A kobold zombie (Crypt:3)
  An orc zombie (D:4)
  16 rats
  9 briar patches (Swamp:2)
  2 crawling corpses (Elf:3)
  A fire vortex (Abyss:1)
  10 fungi
  5 plants
2846 creatures vanquished.

Vanquished Creatures (collateral kills)
  A deep elf blademaster (Elf:3)
  A greater naga (Snake:4)
  4 deep elf sorcerers (Elf:3)
  A deep elf death mage (Elf:3)
  A deep elf high priest (Elf:3)
  3 naga warriors
  2 dancing weapons (Elf:2)
  2 tengu warriors (Depths:3)
  An ogre mage (Vaults:1)
  2 naga sharpshooters
  A shock serpent (Snake:3)
  5 deep elf knights
  A sphinx zombie (Zig:10)
  3 naga ritualists
  A salamander (Snake:1)
  3 black mambas
  5 naga magi
  A komodo dragon (Lair:8)
  2 tengu conjurers (Depths:3)
  A blue devil (Depths:3)
  A deep elf mage (Elf:3)
  3 nagas
  3 deep elf fighters (Elf:2)
  An orc warrior (Orc:4)
  2 orc priests (Orc:4)
  2 orcs (Orc:4)
53 creatures vanquished.

Vanquished Creatures (others)
  An eldritch tentacle (Crypt:3)
  A revenant (Tomb:2)
  A fire giant (Vaults:5)
  A bennu (Tomb:2)
  An ettin (Vaults:5)
  A deep elf high priest (Elf:3)
  An unseen horror (Vaults:1)
  A boulder beetle (Lair:5)
  5 flying skulls
  A steam dragon (Lair:8)
  2 neqoxecs (Abyss:1)
  A human (Swamp:4)
  An elf simulacrum (Depths:3)
  A centaur (D:14)
  A wasp (Swamp:2)
  A giant frog (D:9)
  2 small abominations (Abyss:1)
  A jelly (D:9)
  A quasit (Abyss:1)
  4 mummies (Tomb:2)
  A white imp (Abyss:1)
  3 kobolds (D:9)
  8 briar patches (Swamp:2)
  109 eldritch tentacle segments (Crypt:3)
  A fire vortex (Vaults:5)
  23 fungi
  9 lost souls
  35 plants
  12 starspawn tentacles (Abyss:1)
  132 starspawn tentacle segments (Abyss:1)
362 creatures vanquished.

Grand Total: 3261 creatures vanquished

Notes
Turn   | Place    | Note
--------------------------------------------------------------
     0 | D:1      | Shtopit the Gargoyle Berserker began the quest for the Orb.
     0 | D:1      | Reached XP level 1. HP: 14/14 MP: 1/1
   312 | D:1      | Reached XP level 2. HP: 14/19 MP: 2/2
   829 | D:1      | Reached ** piety under Trog
   829 | D:1      | Reached skill level 4 in Fighting
   829 | D:1      | Reached XP level 3. HP: 21/24 MP: 3/3
  1176 | D:2      | Found a snail-covered altar of Cheibriados.
  1511 | D:2      | Reached XP level 4. HP: 14/29 MP: 4/4
  2106 | D:2      | Found a bloodstained altar of Trog.
  2107 | D:2      | Found a sparkling altar of Nemelex Xobeh.
  2434 | D:3      | Found a shimmering altar of Xom.
  2435 | D:3      | Found a glowing silver altar of Zin.
  2435 | D:3      | Noticed an angel
  2717 | D:3      | Reached XP level 5. HP: 23/34 MP: 5/5
  3272 | D:3      | Noticed Grinder
  3274 | D:3      | Paralysed by Grinder for 7 turns
  3298 | D:3      | Killed Grinder
  3298 | D:3      | Reached XP level 6. HP: 40/40 MP: 6/6
  3537 | D:4      | Reached *** piety under Trog
  3736 | D:4      | Reached XP level 7. HP: 40/44 MP: 7/7
  3756 | D:4      | Found an ancient bone altar of Kikubaaqudgha.
  3797 | D:4      | Reached skill level 5 in Fighting
  3968 | D:4      | Found a sand-covered staircase.
  3988 | Ossuary  | Entered an ossuary
  4051 | Ossuary  | Reached skill level 5 in Maces & Flails
  4073 | Ossuary  | Reached XP level 8. HP: 13/50 MP: 8/8
  4518 | Ossuary  | Reached skill level 6 in Fighting
  4540 | Ossuary  | Reached skill level 5 in Dodging
  5152 | D:5      | Entered Level 5 of the Dungeon
  5480 | D:5      | Reached skill level 5 in Armour
  5532 | D:5      | Reached XP level 9. HP: 56/56 MP: 9/9
  5922 | D:5      | Found Syibastiado's Serpentskin Sales.
  5930 | D:5      | Reached skill level 7 in Maces & Flails
  5934 | D:5      | Bought a +0 blowgun for 32 gold pieces
  6053 | D:6      | Noticed Blork the orc
  6066 | D:6      | Killed Blork the orc
  6108 | D:6      | Found a staircase to the Ecumenical Temple.
  6281 | D:6      | Noticed Eustachio
  6289 | D:6      | Killed Eustachio
  6372 | D:6      | Noticed Menkaure
  6424 | D:6      | Killed Menkaure
  6492 | D:6      | Reached **** piety under Trog
  7283 | D:7      | Found a shadowy altar of Dithmenos.
  7618 | D:7      | Got a twisted chain mail
  7620 | D:7      | Identified the +6 chain mail of Limited Liability {Slay+4} (You found it on level 7 of the Dungeon)
  7882 | D:8      | Found Faradd's Distillery.
  7919 | D:8      | Bought a potion of heal wounds for 75 gold pieces
  7919 | D:8      | Bought a potion of curing for 45 gold pieces
  7990 | D:8      | Reached skill level 8 in Maces & Flails
  8217 | D:9      | Found a radiant altar of Vehumet.
  8296 | D:9      | Reached XP level 10. HP: 63/63 MP: 10/10
  8687 | D:10     | Entered Level 10 of the Dungeon
  8795 | D:10     | Noticed Shtopit's ghost (novice GrBe)
  8819 | D:10     | Killed Shtopit's ghost
  8819 | D:10     | Reached skill level 9 in Maces & Flails
  9311 | D:10     | Reached ***** piety under Trog
  9405 | D:10     | Found a staircase to the Lair.
  9428 | Lair:1   | Entered Level 1 of the Lair of Beasts
  9630 | Lair:1   | Reached skill level 10 in Maces & Flails
  9662 | Lair:1   | Reached XP level 11. HP: 57/71 MP: 11/11
 11068 | Lair:3   | Found a staircase to the Swamp.
 11500 | Lair:3   | Reached skill level 11 in Maces & Flails
 11950 | Lair:3   | Reached skill level 10 in Fighting
 11988 | Lair:3   | HP: 3/72 [blink frog (2)]
 12096 | Lair:3   | HP: 2/72 [porcupine (3)]
 12149 | Lair:3   | Noticed Sonja
 12194 | Lair:3   | Killed Sonja
 12880 | Lair:3   | Reached XP level 12. HP: 64/78 MP: 12/12
 13566 | Lair:4   | Reached skill level 12 in Maces & Flails
 14202 | Lair:4   | Received a gift from Trog
 14330 | Lair:5   | Found a staircase to the Snake Pit.
 14856 | Lair:5   | Reached skill level 10 in Armour
 15190 | Lair:5   | Reached skill level 13 in Maces & Flails
 15361 | Lair:5   | Noticed an eight-headed hydra
 15372 | Lair:5   | Killed an eight-headed hydra
 15920 | Lair:6   | Reached ****** piety under Trog
 15928 | Lair:6   | Reached XP level 13. HP: 84/84 MP: 13/13
 16135 | Lair:6   | Received a gift from Trog
 17201 | Lair:7   | Reached skill level 14 in Maces & Flails
 17331 | Lair:7   | Found a snail-covered altar of Cheibriados.
 18335 | Lair:7   | Gained mutation: Your large and strong wings let you fly indefinitely. [Gargoyle growth]
 18335 | Lair:7   | Reached XP level 14. HP: 63/92 MP: 14/14
 18544 | Lair:7   | Received a gift from Trog
 18612 | Lair:8   | Entered Level 8 of the Lair of Beasts
 18758 | Lair:8   | Reached skill level 15 in Maces & Flails
 18814 | Lair:8   | Found a frozen archway.
 18866 | IceCv    | Entered an ice cave
 19652 | Lair:8   | Got a pitted granite ring
 19653 | Lair:8   | Identified the ring of the Two Names {MP+9 AC+5 Str+2 Int+2 SInv} (You found it on level 8 of the Lair of Beasts)
 19792 | Lair:8   | Reached skill level 1 in Evocations
 20343 | Lair:8   | Found a runed door.
 20344 | Lair:8   | Found a viscous altar of Jiyva.
 20463 | Lair:8   | Found a staircase to the Slime Pits.
 20597 | Snake:1  | Entered Level 1 of the Snake Pit
 20773 | Snake:1  | Found Nuompar's Assorted Antiques.
 20835 | Snake:1  | Found Kigid's Book Emporium.
 21067 | Snake:1  | Received a gift from Trog
 21219 | Snake:1  | Reached XP level 15. HP: 97/100 MP: 8/17
 21239 | Snake:1  | HP: 4/100 [naga sharpshooter/arrow (9)]
 21249 | Snake:1  | Reached skill level 16 in Maces & Flails
 21383 | Snake:1  | Found Oxae's Armour Boutique.
 21543 | Snake:1  | Found Nadd's General Store.
 22785 | Snake:2  | Reached skill level 5 in Evocations
 23078 | Snake:2  | Noticed a greater naga
 23100 | Snake:2  | Killed a greater naga
 23647 | Snake:2  | Received a gift from Trog
 23905 | Snake:3  | Reached skill level 10 in Dodging
 24027 | Snake:3  | Reached XP level 16. HP: 62/107 MP: 9/20
 24146 | Snake:3  | Reached skill level 17 in Maces & Flails
 24303 | Snake:3  | Found an iron altar of Okawaru.
 24797 | Snake:3  | Received a gift from Trog
 24991 | Snake:4  | Entered Level 4 of the Snake Pit
 25517 | Snake:4  | Noticed Vashnia
 25785 | Snake:4  | Killed Vashnia
 25785 | Snake:4  | Reached skill level 15 in Fighting
 26001 | Snake:4  | Received a gift from Trog
 26280 | Snake:4  | Reached XP level 17. HP: 113/113 MP: 10/22
 26301 | Snake:4  | Reached skill level 18 in Maces & Flails
 26327 | Snake:4  | Got a serpentine rune of Zot
 26571 | Snake:4  | Found a runed door.
 26717 | Snake:4  | Received a gift from Trog
 26765 | Snake:4  | Got a crystal great mace {god gift}
 26766 | Snake:4  | Identified the +9 great mace "Fachadim" {drain, Dex+4} (Trog gifted it to you on level 4 of the Snake Pit)
 28017 | D:11     | Found a staircase to the Orcish Mines.
 28029 | Orc:1    | Entered Level 1 of the Orcish Mines
 28043 | Orc:1    | Found Kidd's Book Emporium.
 28803 | Orc:3    | Received a gift from Trog
 29164 | Orc:4    | Entered Level 4 of the Orcish Mines
 29164 | Orc:4    | Found a staircase to the Elven Halls.
 29164 | Orc:4    | Found Vaidd's Gadget Boutique.
 29820 | Orc:4    | Received a gift from Trog
 30034 | Orc:4    | Found Hidduf's Antique Weapon Shoppe.
 30037 | Orc:4    | Found Feboatu's Food Shoppe.
 30038 | Orc:4    | Found Ympieps's Magic Scroll Shoppe.
 30039 | Orc:4    | Found Odweic's Magic Scroll Emporium.
 30485 | Orc:1    | Found a roughly hewn altar of Beogh.
 30864 | Orc:4    | Bought a +3 rod of ignition (10/10) for 1620 gold pieces
 30877 | Elf:1    | Entered Level 1 of the Elven Halls
 30973 | Elf:1    | Received a gift from Trog
 31753 | Elf:2    | Received a gift from Trog
 31833 | Elf:2    | Reached XP level 18. HP: 92/120 MP: 24/24
 31970 | Elf:2    | Reached skill level 19 in Maces & Flails
 32021 | Elf:2    | Found a huge runed gate.
 32021 | Elf:2    | Found a huge runed gate.
 32022 | Elf:2    | Found a huge runed gate.
 32023 | Elf:2    | Found a huge runed gate.
 32024 | Elf:2    | Found a huge runed gate.
 32426 | Elf:2    | Received a gift from Trog
 33176 | Elf:3    | Entered Level 3 of the Elven Halls
 33343 | Elf:3    | Received a gift from Trog
 33497 | Elf:3    | Reached skill level 1 in Crossbows
 33825 | Elf:3    | Reached skill level 10 in Evocations
 33829 | Elf:3    | Received a gift from Trog
 34286 | Elf:3    | Reached XP level 19. HP: 88/128 MP: 26/26
 34395 | Elf:3    | Cast into the Abyss (a deep elf demonologist)
 34449 | Abyss:1  | Found a basalt altar of Yredelemnul.
 34679 | Abyss:1  | Reached skill level 20 in Maces & Flails
 34702 | Abyss:1  | Received a gift from Trog
 34708 | Abyss:1  | Got a faintly glowing flail {god gift}
 34793 | Abyss:1  | Found a corrupted altar of Lugonu.
 35294 | Abyss:1  | Identified the +8 flail of Impeachment {crush, rC+} (Trog gifted it to you on level 1 of the Abyss)
 36374 | Elf:3    | Escaped the Abyss
 36396 | Elf:3    | Received a gift from Trog
 36600 | Elf:3    | Received a gift from Trog
 36612 | Elf:3    | Got a vibrating glass ring
 36614 | Elf:3    | Identified the ring "Viudomn" {Fire Str+9 Int-4} (You took it off a deep elf high priest on level 3 of the Elven Halls)
 36699 | Elf:3    | Reached XP level 20. HP: 125/136 MP: 28/28
 37004 | Elf:3    | Reached skill level 15 in Armour
 37989 | Swamp:1  | Entered Level 1 of the Swamp
 38090 | Swamp:1  | Noticed Frances
 38101 | Swamp:1  | Killed Frances
 38129 | Swamp:1  | Reached skill level 21 in Maces & Flails
 38943 | Swamp:2  | Identified a scroll of acquirement
 39032 | Swamp:2  | Got a distressingly furry chain mail
 39033 | Swamp:2  | Identified the +7 chain mail of Listlessness {Dex+5 Stlth+} (You found it on level 2 of the Swamp)
 39076 | Swamp:2  | Received a gift from Trog
 41194 | Swamp:3  | Noticed Mara
 41195 | Swamp:3  | Noticed Shtopit's illusion
 41595 | Swamp:3  | Got a bloodstained cloak
 41601 | Swamp:3  | Identified the +0 cloak of the Tundras {Int+3} (You found it on level 3 of the Swamp)
 41691 | Swamp:3  | Killed Mara
 41847 | Swamp:3  | Received a gift from Trog
 42087 | Swamp:4  | Entered Level 4 of the Swamp
 42123 | Swamp:4  | Drew Focus: Str increased to 30, Dex decreased to 8
 42559 | Swamp:4  | Reached XP level 21. HP: 82/142 MP: 30/30
 42820 | Swamp:4  | Noticed Kirke
 42836 | Swamp:4  | Noticed the 27-headed Lernaean hydra
 42841 | Swamp:4  | Killed Kirke
 42849 | Swamp:4  | Killed the 27-headed Lernaean hydra
 42908 | Swamp:4  | Received a gift from Trog
 42934 | Swamp:4  | Got a decaying rune of Zot
 43180 | Swamp:4  | Identified the Volume of Aid
 43876 | D:12     | Found an ancient bone altar of Kikubaaqudgha.
 44119 | D:12     | Noticed Fannar
 44133 | D:12     | Killed Fannar
 44485 | D:13     | Noticed Josephine
 44498 | D:13     | Killed Josephine
 44681 | D:13     | Received a gift from Trog
 45126 | D:14     | Found a gate to the Vaults.
 45226 | D:14     | Found a flagged portal.
 45235 | Bailey   | Entered a bailey
 45399 | Bailey   | Noticed PeterLawrence's ghost (novice MiFi)
 45416 | Bailey   | Killed PeterLawrence's ghost
 45609 | Bailey   | Got a warped steam dragon armour
 45610 | Bailey   | Identified the cursed +0 steam dragon armour of Dogma {MR+ Dex+8} (You found it in a bailey)
 45721 | D:14     | Reached skill level 22 in Maces & Flails
 46292 | Vaults:1 | Entered Level 1 of the Vaults
 46515 | Vaults:1 | Received a gift from Trog
 47017 | Vaults:1 | Noticed Aizul
 47026 | Vaults:1 | Killed Aizul
 47622 | Vaults:1 | Reached XP level 22. HP: 128/150 MP: 31/31
 47866 | Vaults:1 | Received a gift from Trog
 49493 | Vaults:3 | Received a gift from Trog
 49689 | Vaults:3 | Found a staircase to the Crypt.
 49689 | Vaults:3 | Found an ancient bone altar of Kikubaaqudgha.
 49689 | Vaults:3 | Found a basalt altar of Yredelemnul.
 49858 | Vaults:3 | Gained mutation: Your natural rate of healing is unusually fast. [potion of beneficial mutation]
 49859 | Vaults:3 | Gained mutation: Your mind is acute. (Int +2) [potion of beneficial mutation]
 49860 | Vaults:3 | Gained mutation: You are partially covered in yellow scales (AC +2). [potion of beneficial mutation]
 50237 | Vaults:3 | Reached skill level 23 in Maces & Flails
 50821 | Vaults:4 | Received a gift from Trog
 50916 | Vaults:4 | Found a portal to a secret trove of treasure.
 50951 | Vaults:4 | You paid a toll of 16 potions of curing to enter a treasure trove
 50952 | Trove    | Entered a treasure trove
 51046 | Trove    | Got a slimy hat
 51052 | Trove    | Identified the +1 hat of Experimentation {Regen+ Dex+3} (You found it in a treasure trove)
 51062 | Trove    | Got a faintly glowing hat
 51073 | Trove    | Identified the -3 hat of Impermeability {rElec rF+ MP-9 Dex+6} (You found it in a treasure trove)
 51099 | Trove    | Got a pair of faintly humming gloves
 51110 | Trove    | Identified the -2 pair of gloves of the Six Curses {rF+ rN+ Int+4} (You found it in a treasure trove)
 51155 | Vaults:4 | Noticed Saint Roka
 51183 | Vaults:4 | Killed Saint Roka
 51291 | Vaults:4 | Received a gift from Trog
 51695 | Vaults:4 | Noticed Wiglaf
 51700 | Vaults:4 | Killed Wiglaf
 51781 | Vaults:4 | Noticed Sojobo
 51826 | Vaults:4 | Killed Sojobo
 52064 | Vaults:4 | Noticed Jory
 52075 | Vaults:4 | Killed Jory
 52099 | Vaults:4 | Reached XP level 23. HP: 123/157 MP: 33/33
 52166 | Vaults:4 | Noticed nublet's ghost (adept DsFi)
 52262 | Vaults:4 | Killed nublet's ghost
 52399 | Vaults:4 | Received a gift from Trog
 52548 | Vaults:5 | Entered Level 5 of the Vaults
 53453 | Vaults:5 | Received a gift from Trog
 53564 | Vaults:5 | Reached skill level 24 in Maces & Flails
 53672 | Vaults:5 | Received a gift from Trog
 54019 | Vaults:5 | Got a silver rune of Zot
 54231 | Vaults:5 | Reached XP level 24. HP: 86/164 MP: 33/33
 54275 | Vaults:5 | Got a vibrating iron ring
 54277 | Vaults:5 | Identified the ring of Hoateo {rF- rN+ MP+9 Str+2} (You took it off a vault warden on level 5 of the Vaults)
 54449 | Vaults:5 | Got a vibrating amber ring
 54451 | Vaults:5 | Identified the ring of Laruutin {+/*Tele rElec rPois rF+ rN+} (You took it off a salamander stormcaller on level 5 of the Vaults)
 54524 | Vaults:5 | Got a translucent silver ring
 54526 | Vaults:5 | Identified the ring of Baydyin {Ice Dex+6} (You took it off an ironheart preserver on level 5 of the Vaults)
 55029 | Vaults:5 | Received a gift from Trog
 55795 | Crypt:1  | Entered Level 1 of the Crypt
 55981 | Crypt:1  | Reached skill level 15 in Evocations
 57283 | Crypt:3  | Entered Level 3 of the Crypt
 57359 | Crypt:3  | Reached skill level 25 in Maces & Flails
 57473 | Crypt:3  | Found a staircase to the Tomb.
 57705 | Crypt:3  | Noticed an ancient lich
 57749 | Crypt:3  | Killed an ancient lich
 57861 | Crypt:3  | Reached XP level 25. HP: 172/172 MP: 34/34
 57865 | Crypt:3  | Received a gift from Trog
 57887 | Crypt:3  | Got a twitching tin ring
 57889 | Crypt:3  | Identified the ring of Intercession {*Drain rPois rN+ Str+4 Int-3} (You found it on level 3 of the Crypt)
 58024 | Crypt:3  | Found an ancient bone altar of Kikubaaqudgha.
 58410 | Crypt:3  | Got a pitted platinum ring
 58410 | Crypt:3  | Got a clouded jade ring
 58411 | Crypt:3  | Identified the ring "Houluff" {rF+ rC- rN+ Int+3} (You found it on level 3 of the Crypt)
 58412 | Crypt:3  | Identified the ring of the Ant {rF+++ rN+ Int-4 Dex+4} (You found it on level 3 of the Crypt)
 59295 | Tomb:1   | Entered Level 1 of the Tomb of the Ancients
 59295 | Tomb:1   | Noticed Khufu
 59310 | Tomb:1   | Killed Khufu
 59805 | Tomb:1   | Noticed a greater mummy
 59815 | Tomb:1   | Killed a greater mummy
 59818 | Tomb:1   | Noticed a greater mummy
 59910 | Tomb:1   | Killed a greater mummy
 59910 | Tomb:1   | Reached skill level 5 in Crossbows
 60445 | Tomb:1   | Noticed a greater mummy
 60458 | Tomb:1   | Killed a greater mummy
 60635 | Tomb:1   | Noticed an ancient lich
 60638 | Tomb:1   | Killed an ancient lich
 60771 | Tomb:2   | Noticed a greater mummy
 60771 | Tomb:2   | Noticed a greater mummy
 60772 | Tomb:2   | Noticed a greater mummy
 60786 | Tomb:2   | Noticed a greater mummy
 60936 | Tomb:1   | Killed a greater mummy
 60981 | Tomb:1   | Killed a greater mummy
 61029 | Tomb:1   | Killed a greater mummy
 61029 | Tomb:1   | Reached XP level 26. HP: 149/180 MP: 35/35
 61063 | Tomb:1   | Killed a greater mummy
 61063 | Tomb:1   | Reached skill level 26 in Maces & Flails
 61261 | Tomb:2   | Received a gift from Trog
 61376 | Tomb:1   | Noticed a greater mummy
 61377 | Tomb:1   | Noticed a greater mummy
 61381 | Tomb:1   | Noticed a greater mummy
 61438 | Tomb:2   | Killed a greater mummy
 61491 | Tomb:2   | Killed a greater mummy
 61551 | Tomb:1   | Killed a greater mummy
 61559 | Tomb:1   | Noticed a greater mummy
 61563 | Tomb:1   | Noticed a greater mummy
 61568 | Tomb:1   | Killed a greater mummy
 61573 | Tomb:1   | Killed a greater mummy
 61633 | Tomb:1   | Noticed a greater mummy
 61639 | Tomb:1   | Killed a greater mummy
 61644 | Tomb:1   | Noticed a greater mummy
 61656 | Tomb:1   | Killed a greater mummy
 61726 | Tomb:1   | Noticed a greater mummy
 61738 | Tomb:1   | Killed a greater mummy
 61801 | Tomb:1   | Noticed a greater mummy
 61808 | Tomb:1   | Killed a greater mummy
 61813 | Tomb:1   | Noticed a greater mummy
 61813 | Tomb:1   | Noticed a greater mummy
 61818 | Tomb:1   | Killed a greater mummy
 61828 | Tomb:1   | Killed a greater mummy
 61865 | Tomb:1   | Noticed a greater mummy
 61893 | Tomb:1   | Killed a greater mummy
 61937 | Tomb:1   | Noticed a greater mummy
 61941 | Tomb:1   | Noticed a greater mummy
 61943 | Tomb:1   | Noticed a greater mummy
 61943 | Tomb:1   | Killed a greater mummy
 61949 | Tomb:1   | Killed a greater mummy
 62296 | Tomb:1   | Killed a greater mummy
 62305 | Tomb:1   | Noticed a greater mummy
 62312 | Tomb:1   | Killed a greater mummy
 62314 | Tomb:1   | Noticed a greater mummy
 62599 | Tomb:1   | Killed a greater mummy
 62901 | Tomb:3   | Entered Level 3 of the Tomb of the Ancients
 62923 | Tomb:3   | Noticed a greater mummy
 62927 | Tomb:3   | Reached XP level 27. HP: 93/186 MP: 35/35
 62929 | Tomb:3   | Noticed a greater mummy
 62998 | Tomb:3   | Noticed a greater mummy
 63012 | Tomb:2   | Killed a greater mummy
 63015 | Tomb:2   | Killed a greater mummy
 63057 | Tomb:3   | Noticed a greater mummy
 63440 | Tomb:2   | Killed a greater mummy
 63481 | Tomb:2   | Killed a greater mummy
 63564 | Tomb:3   | Noticed a greater mummy
 63565 | Tomb:3   | Noticed a greater mummy
 63747 | Tomb:2   | Killed a greater mummy
 63826 | Tomb:3   | Killed a greater mummy
 63826 | Tomb:3   | Reached skill level 27 in Maces & Flails
 63882 | Tomb:3   | Noticed a greater mummy
 63894 | Tomb:3   | Killed a greater mummy
 64150 | Tomb:3   | Noticed a greater mummy
 64158 | Tomb:3   | Killed a greater mummy
 64269 | Tomb:3   | Noticed a greater mummy
 64277 | Tomb:3   | Killed a greater mummy
 64312 | Tomb:3   | Got a golden rune of Zot
 64484 | Tomb:3   | Got a slimy cloak
 64495 | Tomb:3   | Identified the cursed +0 cloak of Vexation {+Blink} (You found it on level 3 of the Tomb of the Ancients)
 64510 | Tomb:3   | Got a sparkling bronze ring
 64512 | Tomb:3   | Got a bound tin ring
 64517 | Tomb:3   | Got a vibrating silver ring
 64530 | Tomb:3   | Identified the cursed ring of Neurosis {Int+8 Dex-3} (You found it on level 3 of the Tomb of the Ancients)
 64531 | Tomb:3   | Identified the ring of Reegiv {rElec rC+ Dex+4} (You found it on level 3 of the Tomb of the Ancients)
 64533 | Tomb:3   | Identified the ring of Qatsuor {*Contam Str+6 Stlth-} (You found it on level 3 of the Tomb of the Ancients)
 65351 | D:15     | Entered Level 15 of the Dungeon
 65458 | D:15     | Received a gift from Trog
 65508 | D:15     | Found an iron altar of Okawaru.
 65542 | D:15     | Found a staircase to the Depths.
 65582 | D:15     | Noticed Maud
 65590 | D:15     | Killed Maud
 65623 | D:15     | Noticed Azrael
 65630 | D:15     | Killed Azrael
 66019 | Depths:1 | Entered Level 1 of the Depths
 66269 | Depths:1 | Found a gateway to Hell.
 66454 | Depths:1 | Received a gift from Trog
 66460 | Depths:1 | Found Kiryrah's Blood Bar.
 67085 | Depths:2 | Found a gateway to a ziggurat.
 67092 | Zig:1    | Entered Level 1 of a ziggurat
 67112 | Zig:2    | Entered Level 2 of a ziggurat
 67177 | Zig:3    | Entered Level 3 of a ziggurat
 67207 | Zig:4    | Entered Level 4 of a ziggurat
 67245 | Zig:4    | Gained mutation: You can spit weak poison. [potion of beneficial mutation]
 67264 | Zig:5    | Entered Level 5 of a ziggurat
 67331 | Zig:5    | Got a slimy plate armour
 67352 | Zig:5    | Identified the cursed +1 plate armour "Qevoaloa" {Int+3} (You found it on level 5 of a ziggurat)
 67388 | Zig:6    | Entered Level 6 of a ziggurat
 67502 | Zig:7    | Entered Level 7 of a ziggurat
 67599 | Zig:8    | Entered Level 8 of a ziggurat
 67621 | Zig:8    | Received a gift from Trog
 67690 | Zig:9    | Entered Level 9 of a ziggurat
 67788 | Zig:9    | Got a scorched bronze amulet
 67808 | Zig:9    | Got a jewelled helmet
 67813 | Zig:9    | Identified the amulet of Sidigayla {Clar rF+ rC+ MR+++} (You found it on level 9 of a ziggurat)
 67825 | Zig:9    | Identified the +2 helmet "Syos" {rC++} (You found it on level 9 of a ziggurat)
 67842 | Zig:9    | Identified a +6 rod of shadows (9/9) (You found it on level 9 of a ziggurat)
 67890 | Zig:9    | Lost mutation: Your mind is acute. (Int +2) [helix card]
 67891 | Zig:9    | Hired Teavoo the naga for 190 gold.
 67898 | Zig:9    | Hired Jygrathau the monstrous demonspawn for 866 gold.
 67900 | Zig:9    | Hired Zadghuir the deep elf blademaster for 2789 gold.
 67908 | Zig:10   | Entered Level 10 of a ziggurat
 68114 | Depths:2 | Paralysed by an ogre mage for 3 turns
 68330 | Depths:2 | Received a gift from Trog
 68720 | Depths:2 | Noticed Erica
 68726 | Depths:2 | Killed Erica
 68770 | Depths:2 | Noticed Nergalle
 68782 | Depths:2 | Killed Nergalle
 69089 | Depths:3 | Found a shadowy altar of Dithmenos.
 69223 | Depths:3 | Found a radiant altar of Vehumet.
 69325 | Depths:3 | Received a gift from Trog
 69695 | Depths:3 | Received a gift from Trog
 69722 | Depths:3 | Demolished by a juggernaut simulacrum

Action                   |  1- 3 |  4- 6 |  7- 9 | 10-12 | 13-15 | 16-18 | 19-21 | 22-24 | 25-27 || total
-------------------------+-------+-------+-------+-------+-------+-------+-------+-------+-------++-------
Melee: Mace              |   145 |   178 |     6 |       |       |       |       |       |       ||   329
       Flail             |       |       |   499 |    16 |   148 |       |     8 |    35 |       ||   706
       Morningstar       |       |       |    67 |   123 |       |       |       |       |       ||   190
       Dire flail        |       |       |       |   130 |       |       |       |       |       ||   130
       Great mace        |       |       |       |   552 |  1093 |  1307 |  1503 |  1326 |  1716 ||  7497
 Fire: Triple crossbow   |       |       |       |       |       |    26 |   133 |    26 |    68 ||   253
Invok: Berserk           |     1 |     2 |     7 |    10 |    12 |     6 |     2 |     4 |     8 ||    52
       Trog's Hand       |       |     1 |     3 |       |     1 |     3 |     6 |     5 |     7 ||    26
       Burn Spellbooks   |       |       |     3 |       |     2 |     4 |     8 |     9 |     6 ||    32
       Brothers in Arms  |       |       |       |       |     4 |     7 |     2 |     1 |     2 ||    16
 Abil: Fly               |       |       |       |       |       |       |     6 |       |       ||     6
       Stop Flying       |       |       |       |       |       |       |       |     1 |       ||     1
       Evoke Blink       |       |       |       |       |       |       |       |       |     3 ||     3
Evoke: Wand              |       |       |       |     4 |       |     6 |     4 |       |       ||    14
       Deck              |       |       |       |       |       |     2 |     1 |     3 |    14 ||    20
       Sack of spiders   |       |       |       |       |       |     2 |       |       |       ||     2
       Lamp of fire      |       |       |       |       |       |     3 |     1 |       |       ||     4
       Rod               |       |       |       |       |       |     2 |     7 |     2 |     5 ||    16
       Disc of storms    |       |       |       |       |       |       |    23 |    11 |    19 ||    53
       Stone of tremors  |       |       |       |       |       |       |       |     1 |       ||     1
  Use: Scroll            |       |     9 |     6 |     9 |     8 |    23 |    21 |    14 |    25 ||   115
       Potion            |       |     4 |     7 |     3 |     2 |     5 |     4 |     3 |     7 ||    35
 Stab: Petrifying        |       |       |       |       |     1 |       |       |       |       ||     1
       Distracted        |       |       |       |       |     1 |       |       |       |     2 ||     3
       Confused          |       |       |       |       |       |       |     1 |       |       ||     1
  Eat: Chunk             |     3 |    10 |    14 |    33 |    29 |    27 |    10 |    23 |     2 ||   151
       Fruit             |       |       |     5 |     1 |     2 |       |     5 |     9 |     4 ||    26
       Meat ration       |       |       |     1 |       |     2 |     3 |     4 |     2 |     7 ||    19
       Beef jerky        |       |       |       |     1 |     3 |     1 |     7 |     2 |     2 ||    16
       Pizza             |       |       |       |     1 |     1 |       |     1 |     1 |       ||     4
       Royal jelly       |       |       |       |       |     1 |       |     1 |       |     1 ||     3
       Bread ration      |       |       |       |       |       |     2 |     1 |       |     2 ||     5
